 Dungeon Crawl Stone Soup version 0.31.0-32-g396128a36d (webtiles) character file.

Game seed: 5051027362747660512

47142 MJtheKandyman the Shatterer (level 14, -9/202 HPs)
             Began as a Minotaur Fighter on Mar 16, 2024.
             Was an Elder of Trog.
             Mangled by an orc knight
             ... wielding a +0 great mace
              (22 damage)
             ... on level 1 of the Orcish Mines on Mar 17, 2024.
             The game lasted 03:16:02 (20871 turns).

MJtheKandyman the Shatterer (Minotaur Fighter)     Turns: 20871, Time: 03:16:02

Health: -9/202     AC: 18    Str: 27    XL:     14   Next: 7%
Magic:  13/13      EV: 10    Int:  5    God:    Trog [****..]
Gold:   1412       SH:  0    Dex: 11    Spells: 13/13 levels left

rFire   . . .        f - +8 great mace "Sowi" {flame, Str+2}
rCold   . . .        (shield currently unavailable)
rNeg    . . .        b - +3 scale mail {rPois}
rPois   +            (helmet restricted)
rElec   .            (no cloak)
rCorr   .            B - +0 pair of gloves
SInv    .            (no boots)
Will    +....        (no amulet) Stlth
                     c - +4 ring of protection
HPRegen 0.53/turn    O - ring of flight
MPRegen 0.13/turn

%: no passive effects
@: berserking, flying, very quick
A: horns 2, retaliatory headbutt
a: Renounce Religion, Berserk, Trog's Hand, Brothers in Arms


You were on level 1 of the Orcish Mines.
You worshipped Trog.
Trog was greatly pleased with you.
You visited 5 branches of the dungeon, and saw 20 of its levels.

You collected 1790 gold pieces.
You spent 378 gold pieces at shops.

Inventory:

Hand Weapons
 d - a +1 flail of protection
 f - the +8 great mace "Sowi" (weapon) {flame, Str+2}
   (You acquired it on level 6 of the Dungeon)

   Str+2:     It affects your strength (+2).
 h - a +3 flail of draining
 m - a +2 mace of holy wrath
 z - a +3 flail
 Y - a +1 mace of freezing
Missiles
 n - a throwing net
 o - 67 stones (quivered)
Armour
 b - a +3 scale mail of poison resistance (worn)
 p - a +2 buckler
 r - +0 steam dragon scales
 B - a +0 pair of gloves (worn)
Jewellery
 a - a ring of resist corrosion
 c - a +4 ring of protection (left hand)
 w - the ring "Suussuigg" {rF+ rN+ MP+9 Str-5 Int+5}
   (You found it on level 7 of the Dungeon)

   [ring of magical power]

   Str-5:     It affects your strength (-5).
   Int+5:     It affects your intelligence (+5).
   rF+:       It protects you from fire.
   rN+:       It protects you from negative energy.
   MP+9:      It affects your magic capacity (+9).
 y - a ring of magical power
 C - the ring of Jaivvuih {Wiz MP+9 Int+5}
   (You found it on level 5 of the Lair of Beasts)

   [ring of wizardry]

   Wiz:       It improves your spell success rate.
   Int+5:     It affects your intelligence (+5).
   MP+9:      It affects your magic capacity (+9).
 O - a ring of flight (right hand)
Talismans
 G - a beast talisman
Wands
 v - a wand of mindburst (20)
 x - a wand of polymorph (15)
 E - a wand of flame (10)
 L - a wand of paralysis (25)
 T - a wand of digging (13)
 X - a wand of iceblast (9)
Scrolls
 e - 2 scrolls of blinking
 g - 2 scrolls of brand weapon
 i - 2 scrolls of enchant weapon
 s - a scroll of silence
 t - a scroll of poison
 u - a scroll of noise
 A - 2 scrolls of immolation
 F - 2 scrolls of fear
 I - 6 scrolls of teleportation
 N - a scroll of amnesia
 Z - 3 scrolls of identify
Potions
 j - 2 potions of magic
 k - 4 potions of lignification
 l - a potion of brilliance
 D - 3 potions of attraction
 J - a potion of invisibility
 M - 4 potions of curing
 P - a potion of haste
 Q - 2 potions of ambrosia
 R - 3 potions of enlightenment
Miscellaneous
 K - a phial of floods
 W - a phantom mirror


   Skills:
 + Level 15.0 Fighting
 * Level 21.6 Maces & Flails
 + Level 13.1 Armour
 - Level 4.0 Shields


You had 13 spell levels left.
You didn't know any spells.
Your spell library contained the following spells:

 Spells                   Type           Power      Damage    Failure   Level
 Shock                    Conj/Air       0%         1d3       67%         1
 Blink                    Tloc           0%         N/A       82%         2
 Lesser Beckoning         Tloc           0%         N/A       82%         2
 Mercury Vapours          Alch/Air       0%         N/A       82%         2
 Momentum Strike          Conj/Tloc      0%         3d8       82%         2
 Scorch                   Fire           0%         2d5       82%         2
 Gell's Gravitas          Tloc           0%         N/A       96%         3
 Mephitic Cloud           Conj/Alch/Air  0%         N/A       96%         3
 Swiftness                Air            0%         N/A       96%         3
 Teleport Other           Tloc           0%         N/A       96%         3
 Airstrike                Air            0%         2d(0-16)  100%        4
 Flame Wave               Conj/Fire      0%         2d4       100%        4
 Vhi's Electric Charge    Tloc/Air       0%         N/A       100%        4
 Arcjolt                  Conj/Air       0%         1d10      100%        5
 Freezing Cloud           Conj/Ice/Air   0%         6-21      100%        5
 Dispersal                Tloc           0%         N/A       100%        6
 Plasma Beam              Fire/Air       0%         2x1d10    100%        6
 Summon Cactus Giant      Summ           0%         N/A       100%        6


Dungeon Overview and Level Annotations

Branches:
Dungeon (11/15)            Temple (1/1) D:7            Lair (5/5) D:8
  Swamp (0/4) Lair:3        Snake (0/4) Lair:3        Slime (1/5) Lair:5
    Orc (2/2) D:10            Elf (0/3) Orc:2

Altars:
Ashenzari
Cheibriados
Dithmenos
Elyvilon
Fedhas
Gozag
Hepliaklqana
Kikubaaqudgha
Makhleb
Nemelex Xobeh
Okawaru
Qazlal
Ru
Sif Muna
Trog
Uskayaw
Vehumet
Wu Jian
Xom
Yredelemnul
Zin
The Shining One

Shops:
D:9 *   Orc:2 =

Portals:
Trove: D:10 (show abyssal rune of Zot)

Annotations:
D:10 1 runed translucent door, graki42's ghost, journeyman GnCj
D:11 Nergalle
Lair:3 Kirke


Innate Abilities, Weirdness & Mutations

You have a pair of horns on your head.
You reflexively headbutt those who attack you in melee.


Message History

The warg howls!
The ogre hits you with a +0 giant spiked club!!
An orc comes into view.
It is wielding a +1 hand axe of freezing.
The orc warrior hits you with a +0 long sword.
The orc knight roars a battlecry!
The orcs go into a battle-frenzy!
The orc knight hits you with a +0 great mace!!!
An ogre comes into view. It is wielding a +0 giant club.
The ogre shouts!
You hear a shout!
You hear a howl!
There is a stone staircase leading up, spattered with blood here.
The orc knight hits you from afar with a +0 bardiche.
The orc warrior barely misses you. The troll bites you!
The troll barely misses you. The troll claws you!
The orc hits the fungus with a +0 hand axe.
The fungus begins to die.
The orc hits the fungus with a +0 club.
The orc knight roars a battlecry!
The orc knight goes into a battle-frenzy!
The orc closely misses you.
The orc knight hits you with a +0 great mace!!
* * * LOW HITPOINT WARNING * * *
The ogre hits you with a +0 giant spiked club.
* * * LOW HITPOINT WARNING * * *
You hear a shout!
You fly upwards.
There is a stone staircase leading down, spattered with blood here.
A red film seems to cover your vision as you go berserk!
You feel yourself moving faster!
You feel mighty! The orc knight barely misses you. The troll bites you.
* * * LOW HITPOINT WARNING * * *
The troll claws you but does no damage. The troll closely misses you.
The orc warrior hits you with a +0 long sword.
* * * LOW HITPOINT WARNING * * *
You bludgeon the orc knight!! You burn the orc knight.
Your headbutt misses the orc knight.
The orc knight is heavily wounded.
The ogre barely misses you. You furiously retaliate!
You headbutt the ogre! The troll barely misses you. The troll misses you.
The troll claws you but does no damage.
The orc knight hits you with a +0 great mace!!
You die...

##.##...#.......#..8#...♣...##
#...##.#..........)©#©.._).©#©
##...#.............[8#...♣...##
#..........#.......[.##.....###
##....................#♣♣♣♣♣#88
##...#.....[..........#######..
#..................##.........#
##...#........oT[...#........##
##...#.......[@<#[......###.##
#...###..#...o.O[##...###.###
##.## #...............##...#
### #....................#
##..#...............##
##.......#........###
##.#.##....#.#....##
#.........####.....#
#....##.####.#....##


You could see an orc knight (strong), a troll, an orc warrior (strong) and an
ogre.

Vanquished Creatures
  2 orc warlords (Orc:1)
  A fire dragon (Lair:5)
  A hydra (D:10)
  A catoblepas (Lair:5)
  A boulder beetle (Lair:1)
  Urug (Lair:3)
  A two-headed ogre (D:8)
  8 death yaks
  2 skysharks
  A fire crab (Lair:5)
  An orc knight (Orc:1)
  An orc sorcerer (Orc:1)
  8 elephants
  6 black mambas
  2 molten gargoyles (Lair:5)
  Maggie (D:6)
  15 cane toads
  14 komodo dragons
  4 rime drakes
  A polar bear (Lair:5)
  A queen bee (Lair:1)
  4 trolls
  5 blink frogs
  Sigmund (D:5)
  A wraith (D:10)
  5 hogs
  5 basilisks
  7 wyverns
  29 yaks
  6 vampire mosquitoes
  Eustachio (D:5)
  2 steam dragons (Lair:5)
  Menkaure (D:5)
  4 nagas (Lair:3)
  Edmund (D:5)
  2 acid dragons
  9 water moccasins
  5 hell hounds (Lair:5)
  13 orc warriors
  2 black bears
  2 ice beasts
  A sky beast (D:7)
  10 wolves
  5 ogres
  2 centaurs
  A phantom (D:4)
  3 kobold brigands
  15 bullfrogs
  A gnoll sergeant (D:10)
  7 scorpions
  3 wights (D:8)
  23 killer bees
  3 howler monkeys
  5 lava snakes (Lair:5)
  3 bombardier beetles
  13 orc priests
  A hound (Temple)
  A jelly (D:7)
  2 gnoll boudas
  A sleepcap (D:5)
  An iguana (D:4)
  16 orc wizards
  Robin (D:2)
  23 gnolls
  6 adders
  A white imp (D:8)
  3 dart slugs
  5 ribbon worms
  57 orcs
  2 ball pythons
  2 bats
  5 endoplasms
  5 giant cockroaches
  13 goblins
  10 hobgoblins
  4 jackals (D:2)
  3 quokkas
  2 frilled lizards (D:2)
  13 kobolds
  4 rats
  A butterfly (D:7)
455 creatures vanquished.

Vanquished Creatures (collateral kills)
  An orc knight (Orc:1)
1 creature vanquished.

Grand Total: 456 creatures vanquished

Notes
Turn   | Place    | Note
-------+----------+-------------------------------------------
     0 | D:1      | MJtheKandyman the Minotaur Fighter began the quest for the
                  | Orb.
     0 | D:1      | Reached XP level 1. HP: 19/19 MP: 0/0
   104 | D:1      | Reached skill level 3 in Maces & Flails
   508 | D:1      | Reached XP level 2. HP: 23/26 MP: 1/1
  1064 | D:2      | Reached skill level 4 in Maces & Flails
  1064 | D:2      | Reached XP level 3. HP: 31/31 MP: 2/2
  1616 | D:2      | Reached skill level 5 in Maces & Flails
  1623 | D:2      | Noticed Robin
  1641 | D:2      | Reached XP level 4. HP: 37/39 MP: 3/3
  1663 | D:2      | Killed Robin
  2043 | D:3      | Reached skill level 6 in Maces & Flails
  2093 | D:3      | Reached XP level 5. HP: 25/45 MP: 4/4
  2822 | D:4      | Reached skill level 7 in Maces & Flails
  2835 | D:4      | HP: 2/45 [orc priest/divine providence (11)]
  3248 | D:5      | Entered Level 5 of the Dungeon
  3403 | D:4      | Noticed an ogre
  3506 | D:4      | Reached XP level 6. HP: 41/51 MP: 5/5
  3614 | D:6      | Noticed Edmund
  3639 | D:6      | Noticed Eustachio
  3647 | D:5      | Reached skill level 8 in Maces & Flails
  3659 | D:5      | Noticed Sigmund
  3677 | D:5      | Killed Sigmund
  3678 | D:5      | Reached skill level 9 in Maces & Flails
  3678 | D:5      | Reached XP level 7. HP: 57/57 MP: 6/6
  3713 | D:5      | Killed Edmund
  3803 | D:4      | Reached skill level 10 in Maces & Flails
  4150 | D:5      | Reached skill level 5 in Fighting
  4169 | D:5      | Noticed Menkaure
  4188 | D:5      | Killed Menkaure
  4189 | D:5      | Reached XP level 8. HP: 64/69 MP: 7/7
  4305 | D:5      | Reached skill level 11 in Maces & Flails
  4618 | D:5      | Paralysed by an orc for 4 turns
  5179 | D:5      | Killed Eustachio
  5180 | D:5      | Reached skill level 12 in Maces & Flails
  5328 | D:7      | Found a staircase to the Ecumenical Temple.
  5410 | Temple   | Entered the Ecumenical Temple
  5452 | Temple   | Became a worshipper of Trog the Wrathful
  5627 | D:6      | Reached XP level 9. HP: 79/79 MP: 8/8
  5762 | D:6      | Noticed Maggie
  5784 | D:6      | Killed Maggie
  5785 | D:6      | Reached skill level 13 in Maces & Flails
  6419 | D:6      | Reached skill level 14 in Maces & Flails
  6617 | D:6      | Identified a scroll of acquirement
  6617 | D:6      | Acquired the +8 great mace "Sowi" {flame, Str+2}
  6836 | D:7      | Reached * piety under Trog
  7028 | D:7      | Identified the ring "Suussuigg" {rF+ rN+ MP+9 Str-5 Int+5}
  7353 | D:8      | You fall into a shaft and drop 2 floors!
  7353 | D:10     | Entered Level 10 of the Dungeon
  7388 | D:9      | Found Boraerie's Overcharged Wands.
  7396 | D:9      | Bought a wand of polymorph (18) for 378 gold pieces
  7404 | D:9      | Noticed a two-headed ogre
  7442 | D:8      | Reached XP level 10. HP: 85/91 MP: 9/9
  7644 | D:8      | Reached skill level 5 in Armour
  7760 | D:8      | Noticed an elephant
  7776 | D:8      | Killed an elephant
  7777 | D:8      | Reached skill level 15 in Maces & Flails
  7814 | D:8      | Found a staircase to the Lair.
  8129 | D:8      | Killed a two-headed ogre
  8130 | D:8      | Reached skill level 10 in Fighting
  8393 | D:9      | Reached ** piety under Trog
  8718 | D:9      | Reached skill level 16 in Maces & Flails
  9005 | D:10     | Reached *** piety under Trog
  9304 | D:9      | Reached XP level 11. HP: 66/101 MP: 10/10
  9600 | D:10     | Noticed a five-headed hydra
  9643 | Lair:1   | Entered Level 1 of the Lair of Beasts
  9932 | Lair:1   | Noticed a boulder beetle
  9940 | Lair:1   | Killed a boulder beetle
 10633 | Lair:1   | Reached skill level 17 in Maces & Flails
 12114 | Lair:2   | Reached skill level 18 in Maces & Flails
 12200 | Lair:2   | Reached XP level 12. HP: 80/112 MP: 11/11
 13003 | Lair:3   | Found a staircase to the Swamp.
 13366 | Lair:3   | Reached skill level 10 in Armour
 13705 | Lair:3   | Found a staircase to the Snake Pit.
 14046 | Lair:3   | Noticed Urug
 14058 | Lair:3   | Killed Urug
 14059 | Lair:3   | Reached skill level 19 in Maces & Flails
 14196 | Lair:3   | Noticed Kirke
 14284 | Lair:4   | Reached **** piety under Trog
 14432 | Lair:4   | Noticed a death yak
 14432 | Lair:4   | Noticed a death yak
 14441 | Lair:4   | Noticed a death yak
 14445 | Lair:4   | Noticed a death yak
 14445 | Lair:4   | Killed a death yak
 14454 | Lair:4   | Killed a death yak
 14459 | Lair:4   | Killed a death yak
 14468 | Lair:4   | Killed a death yak
 14855 | Lair:4   | Reached XP level 13. HP: 122/122 MP: 12/12
 14895 | Lair:5   | Entered Level 5 of the Lair of Beasts
 15014 | Lair:4   | Reached skill level 20 in Maces & Flails
 15535 | Lair:5   | Found a staircase to the Slime Pits.
 16821 | Lair:5   | Found a large runed translucent door.
 16822 | Lair:5   | Found a large runed translucent door.
 17264 | Lair:5   | Reached skill level 21 in Maces & Flails
 17389 | Lair:5   | Noticed a fire dragon
 17613 | Lair:5   | Killed a fire dragon
 17721 | Lair:5   | Identified the ring of Jaivvuih {Wiz MP+9 Int+5}
 17977 | Slime:1  | Entered Level 1 of the Pits of Slime
 17977 | Slime:1  | Noticed an acid blob
 17977 | Slime:1  | Noticed a formless jellyfish
 17977 | Slime:1  | Noticed a formless jellyfish
 18152 | D:10     | Noticed graki42's ghost (journeyman GnCj)
 18231 | D:11     | Noticed Snorg
 18308 | D:10     | Found a staircase to the Orcish Mines.
 18320 | Orc:1    | Entered Level 1 of the Orcish Mines
 18324 | D:10     | Found a stormy altar of Qazlal.
 18365 | D:11     | Noticed Nergalle
 18583 | D:10     | Found a portal to a secret trove of treasure.
 18874 | D:10     | Found a runed translucent door.
 19387 | D:11     | Snorg changed into Snorg the komodo dragon
 19387 | D:11     | Noticed Snorg
 19403 | D:10     | Killed Snorg the komodo dragon
 19654 | Orc:2    | Entered Level 2 of the Orcish Mines
 19654 | Orc:2    | Noticed an orc warlord
 19654 | Orc:2    | Found Qeup's Jewellery Shop.
 19667 | Orc:1    | Found a transporter.
 19670 | Orc:1    | Noticed an orc warlord
 19691 | Orc:1    | Found a transporter.
 19698 | Orc:1    | Found a transporter.
 19702 | Orc:1    | Found an ornate altar of the Wu Jian Council.
 19703 | Orc:1    | Found a transporter.
 19821 | Orc:1    | Paralysed by an orc sorcerer for 5 turns
 19996 | Orc:2    | Found a staircase to the Elven Halls.
 20584 | Orc:1    | Reached XP level 14. HP: 98/133 MP: 13/13
 20590 | Orc:1    | Found an ornate altar of the Wu Jian Council.
 20592 | Orc:1    | Killed an orc warlord
 20593 | Orc:1    | Reached skill level 15 in Fighting
 20708 | Orc:1    | Killed an orc warlord
 20871 | Orc:1    | Mangled by an orc knight

Illustrated notes

Levels and vault maps discovered:
D:1:      wander_arrival_fairy_ring, layout_basic
D:2:      kennysheep_big_flooded_room, layout_basic, uniq_robin
D:3:      layout_basic
D:4:      layout_basic, corexii_leaking_fountain
D:5:      layout_loops_ring, nrook_uturn, hangedman_decor_diamond_cutter,
          uniq_menkaure, uniq_sigmund
D:6:      layout_rooms, uniq_maggie, uniq_eustachio, uniq_edmund
D:7:      layout_basic, minmay_temple_entry_butterflies
D:8:      layout_rooms, grunt_lair_entry_orc_guard_hut
D:9:      layout_long_grid, special_room [special_room_orc],
          nicolae_shop_overcharged_wands
D:10:     layout_loops_ring, mainiacjoe_overflow_cross_hatched, orc_0_dummy,
          hellmonk_ghost_big_iron, nicolae_trove_entry_diagonal,
          minmay_microvault
D:11:     layout_cave_pools, nicolae_take_the_stairs, uniq_snorg, uniq_nergalle
Temple:   kilobyte_greek_temple
Lair:1:   layout_roguey, special_room [special_room_bee], nzn_sisyphean_effort,
          lemuel_fruit_fields, serial_bayou_shore_b, infiniplex_staircase_pool
Lair:2:   layout_loops_ring, lemuel_fruit_fields
Lair:3:   layout_cave_pods, minmay_swamp_entry_swarm,
          minmay_snake_entry_guardpost_small, minivault_25, uniq_kirke,
          uniq_urug
Lair:4:   layout_gridlike
Lair:5:   cheibrodos_lair_end_hotspot, layout_gridlike,
          dpeg_slime_entry_enclosed
Slime:1:  layout_caves
Orc:1:    dreamdust_wu_jian_sword_trials, layout_caves
Orc:2:    grunt_orc_gardens, layout_caves, grunt_orc_garden, grunt_orc_garden,
          grunt_orc_garden, grunt_orc_garden, mines2_david

Skill      XL: |  1  2  3  4  5  6  7  8  9 10 11 12 13 14 |
---------------+-------------------------------------------+-----
Maces & Flails | 3 4 5 6 7 9 10 12 14 16 18 19 21 | 21.6
Fighting       | 5 7 9 10 12 13 14 15 | 15.0
Armour         | 4 7 9 11 13 | 13.1
Shields        | 4 |  4.0

Action                     |  1- 3 |  4- 6 |  7- 9 | 10-12 | 13-15 || total
---------------------------+-------+-------+-------+-------+-------++-------
  Melee: Flail             |    78 |    98 |   211 |       |       ||   387
         Headbutt          |    10 |    13 |    42 |    63 |    53 ||   181
         Great mace        |       |       |    43 |   390 |   262 ||   695
         Unarmed           |       |       |       |    12 |       ||    12
  Throw: Stone             |       |     2 |     6 |     5 |     8 ||    21
         Throwing net      |       |       |       |     1 |       ||     1
 Invoke: Berserk           |       |       |       |    12 |    10 ||    22
         Trog's Hand       |       |       |       |     4 |     5 ||     9
         Brothers in Arms  |       |       |       |       |     1 ||     1
  Evoke: Wand              |       |       |     2 |       |     3 ||     5
    Use: Potion            |       |     2 |       |     5 |       ||     7
         Scroll            |       |       |    14 |     5 |     7 ||    26
   Stab: Distracted        |       |       |       |       |     1 ||     1
 Armour: Scale mail        |    45 |    49 |   105 |    29 |   244 ||   472
         Plate armour      |       |       |    54 |   359 |       ||   413
         Skin              |       |       |       |    21 |       ||    21
  Dodge: Dodged            |    37 |    46 |    60 |   160 |   104 ||   407
  Block: Buckler           |    20 |    10 |    27 |       |       ||    57
